 Dungeon Crawl Stone Soup version 0.30-a0-1075-gcd70e7a56d (webtiles) character file.

Game seed: 10083415655030513712

183 jasper the Grave Robber (level 5, -3/35 HPs)
             Began as a Demonspawn Necromancer on Apr 14, 2023.
             Slain by a two-headed ogre
             ... wielding a +0 giant club
              (9 damage)
             ... on level 4 of the Dungeon.
             The game lasted 00:05:26 (2487 turns).

jasper the Grave Robber (Demonspawn Necromancer)    Turns: 2487, Time: 00:05:26

Health: -3/35      AC:  3    Str:  8    XL:     5   Next: 35%
Magic:  1/9        EV: 17    Int: 18    God:
Gold:   184        SH:  0    Dex: 14    Spells: 2/10 levels left

rFire   . . .      SeeInvis .    f - +0 spear
rCold   . . .      Faith    .    (no shield)
rNeg    + . .      Spirit   .    a - +0 robe
rPois   .          Reflect  .    (no helmet)
rElec   .          Rampage  .    (no cloak)
rCorr   .                        (no gloves)
Will    .....                    (no boots)
Stlth   ++                       (no amulet)
HPRegen 0.25/turn                k - ring of positive energy
MPRegen 0.11/turn                (no ring)

@: mighty, agile
A: powered by pain 1, sharp scales 1, demonic touch 1
a: no special abilities


You were on level 4 of the Dungeon.
You visited 1 branch of the dungeon, and saw 4 of its levels.

You collected 184 gold pieces.

Inventory:

Hand Weapons
 e - a +0 short sword
 f - a +0 spear (weapon)
Missiles
 c - 2 curare-tipped darts
Armour
 a - a +0 robe (worn)
 m - a +2 ring mail of fire resistance
 u - a +0 buckler
Jewellery
 k - a ring of positive energy (left hand)
 r - an amulet of faith
Wands
 q - a wand of mindburst (6)
Scrolls
 d - a scroll of teleportation
 g - a scroll of immolation
Potions
 b - a potion of magic
 h - a potion of attraction
 i - 2 potions of brilliance
 j - 2 potions of mutation
 l - a potion of resistance
 n - a potion of curing {unknown}
 o - 2 potions of degeneration
 p - a potion of haste {unknown}
 s - a potion of heal wounds {unknown}
 t - a potion of flight {unknown}


   Skills:
 - Level 1.7 Dodging
 - Level 1.7 Stealth
 - Level 3.2 Spellcasting
 + Level 6.6 Necromancy


You had 2 spell levels left.
You knew the following spells:

 Your Spells              Type           Power      Damage    Failure   Level
a - Necrotise             Necr           100%       1d9       1%          1
b - Vampiric Draining     Necr           26%        2d7       3%          3
c - Animate Dead          Necr           26%        N/A       11%         4

Your spell library contained the following spells:

 Spells                   Type           Power      Damage    Failure   Level
 Agony                    Necr           26%        N/A       28%         5


Dungeon Overview and Level Annotations

Branches:
Dungeon (4/15)             Temple (0/1) D:4

Altars:

Annotations:
D:3 Ijyb


Innate Abilities, Weirdness & Mutations

You sometimes gain a little power by taking damage.
You are partially covered in razor-sharp scales. (AC +1, Slay +1)
Your touch may inflict minor irresistible damage on your foes.


Message History

Aiming: Necrotise (safe; 1% risk of failure)
Press: ? - help, Q - select action, (/) - cycle Shift-Dir - straight line, f - two-headed ogre
Aim: a two-headed ogre, wielding two +0 giant clubs (chance to affect: 70%)
The two-headed ogre writhes in agony.
You now have 8/9 mp.
The two-headed ogre attacks as you move away!
The two-headed ogre hits you with a +0 giant club.
The two-headed ogre hits you with a +0 giant club!
You focus on the pain.
You feel very mighty all of a sudden.
You take 15 damage, and have 20/35 hp.
MASSIVE DAMAGE!!
Aiming: Necrotise (safe; 1% risk of failure)
Press: ? - help, Q - select action, (/) - cycle Shift-Dir - straight line, f/p - two-headed ogre
Aim: a two-headed ogre, wielding two +0 giant clubs (lightly wounded, chance to affect: 70%)
The two-headed ogre writhes in agony.
You now have 7/9 mp.
Casting: Necrotise (safe; 1% risk of failure)
Confirm with . or Enter, or press ? or * to list all spells.
Aiming: Vampiric Draining (dangerous; 3% risk of failure)
Press: ? - help, Shift-Dir - straight line, f/p - two-headed ogre
Aim: a two-headed ogre, wielding two +0 giant clubs (lightly wounded)
You draw life force from the two-headed ogre!
You feel life coursing into your body.
The two-headed ogre hits you with a +0 giant club!!
Ouch! That really hurt!
* * * LOW HITPOINT WARNING * * *
You focus on the pain.
You feel agile all of a sudden. The two-headed ogre closely misses you.
You take 19 damage, and have 1/35 hp.
MASSIVE DAMAGE!!
You now have 4/9 mp.
Casting: Vampiric Draining (dangerous; 3% risk of failure)
Confirm with . or Enter, or press ? or * to list all spells.
Aiming: Vampiric Draining (dangerous; 3% risk of failure)
Press: ? - help, Shift-Dir - straight line, f/p - two-headed ogre
Aim: a two-headed ogre, wielding two +0 giant clubs (moderately wounded)
You draw life force from the two-headed ogre!
You feel life coursing into your body.
The two-headed ogre completely misses you.
The two-headed ogre hits you with a +0 giant club!
You die...

........#...#....#.##..##..#.#
....#.###...#.##...##......#.##
........................##.....
..........#.##....#.#.#........
..........#....##.#.#.#.#....O.
....#.......#..............#
#.#...[##...#.##.#.##.#.##.#...
..#..............#....#O.....#
###.#.<##.##.#.#@O.#.........#
...........#.#.>.#.##....#.#
#....##. #...............# #
..... #....#.#.#........#
...##.#.#.#.#..##### #.
........#.... # .#.##.#........
#.#. ..#.##..... . . ...... ###


You could see a two-headed ogre.

Vanquished Creatures
  An ogre (D:4)
  4 adders
  2 worms
  7 orcs
  2 bats (D:2)
  3 endoplasms (D:1)
  4 giant cockroaches
  6 goblins
  5 kobolds
  4 quokkas
  3 ball pythons
  2 rats (D:2)
43 creatures vanquished.

Vanquished Creatures (collateral kills)
  A worm (D:2)
  A frilled lizard (D:2)
2 creatures vanquished.

Vanquished Creatures (others)
  An orc (D:3)
1 creature vanquished.

Grand Total: 46 creatures vanquished

Notes
Turn   | Place    | Note
-------+----------+-------------------------------------------
     0 | D:1      | jasper the Demonspawn Necromancer began the quest for the
                  | Orb.
     0 | D:1      | Reached XP level 1. HP: 13/13 MP: 3/3
   408 | D:1      | Gained mutation: Your touch may inflict minor irresistible
                  | damage on your foes. [demonic ancestry]
   408 | D:1      | Reached XP level 2. HP: 19/19 MP: 3/5
   855 | D:2      | Reached skill level 5 in Necromancy
   855 | D:2      | Reached XP level 3. HP: 13/24 MP: 1/7
  1286 | D:2      | Learned a level 3 spell: Vampiric Draining
  1652 | D:3      | Gained mutation: You sometimes gain a little power by
                  | taking damage. [demonic ancestry]
  1652 | D:3      | Reached XP level 4. HP: 30/30 MP: 2/8
  1657 | D:3      | Learned a level 4 spell: Animate Dead
  2031 | D:3      | Noticed Ijyb
  2037 | D:3      | HP: 1/30 [Ijyb/iceblast (6)]
  2285 | D:4      | Noticed an ogre
  2288 | D:4      | Killed an ogre
  2289 | D:4      | Reached skill level 6 in Necromancy
  2289 | D:4      | Gained mutation: You are partially covered in razor-sharp
                  | scales. (AC +1, Slay +1) [demonic ancestry]
  2289 | D:4      | Reached XP level 5. HP: 35/35 MP: 9/9
  2465 | D:4      | Found a staircase to the Ecumenical Temple.
  2471 | D:4      | Noticed a two-headed ogre
  2486 | D:4      | HP: 1/35 [two-headed ogre/+0 giant club (25)]
  2487 | D:4      | Slain by a two-headed ogre

Illustrated notes

Levels and vault maps discovered:
D:1:      dpeg_arrival_arbitrary_c, layout_basic, chequers_serial_rivers_small_a
D:2:      layout_rooms, st_stairs_6, kennysheep_generic_room_6
D:3:      layout_loops_cross, mainiacjoe_overflow_surrounded_room, serial_shops,
          nicolae_shop_behind_doors, chequers_jeans, nicolae_underground_beach,
          uniq_crazy_yiuf_cottage, uniq_ijyb, uniq_robin
D:4:      layout_basic, mainiacjoe_overflow_alcove_2,
          nicolae_qazlal_scattered_showers, minmay_temple_entry_ruins

Skill      XL: |  1  2  3  4 |
---------------+-------------+-----
Necromancy     | 5 6 |  6.6
Spellcasting   | 3 |  3.2
Dodging        | |  1.7
Stealth        | |  1.7

Action                     |  1- 3 |  4- 6 || total
---------------------------+-------+-------++-------
  Melee: Spear             |    14 |     9 ||    23
         Short sword       |     5 |       ||     5
         Touch             |     1 |     2 ||     3
   Cast: Necrotise         |    68 |    17 ||    85
         Vampiric Draining |       |     7 ||     7
  Evoke: Wand              |       |     3 ||     3
    Use: Scroll            |    10 |     1 ||    11
 Armour: Robe              |     5 |       ||     5
  Dodge: Dodged            |    20 |    10 ||    30

Table legend: (Time is in decaauts)
 A = Elapsed time spent in this place.
 B = Non-inter-level travel time spent in this place.
 C = Inter-level travel time spent in this place.
 D = Time resting spent in this place.
 E = Time spent auto-exploring this place.
 F = Levels seen in this place.
 G = Mean time per level.
                   A        B        C        D        E       F      G
               +--------+--------+--------+--------+--------+-----+--------+
         Total |   2491 |   2465 |     26 |     79 |   2039 |   4 |  622.8 |
       Dungeon |   2491 |   2465 |     26 |     79 |   2039 |   4 |  622.8 |
               +--------+--------+--------+--------+--------+-----+--------+

Top non-repeatable levels by time:
     D:2: 849 daAuts
     D:1: 801 daAuts
     D:3: 639 daAuts
     D:4: 201 daAuts
